 Dungeon Crawl Stone Soup version 0.29.1-2-gbd0b4ee654 (webtiles) character file.

Game seed: 9044112254078053112

164 GorkyZ the Chopper (level 5, 0/41 HPs)
             Began as a Formicid Gladiator on Nov 21, 2022.
             Was an Initiate of Gozag.
             Slain by an ogre
             ... wielding a +0 giant club
              (21 damage)
             ... on level 4 of the Dungeon.
             The game lasted 00:11:07 (4885 turns).

GorkyZ the Chopper (Formicid Gladiator)             Turns: 4885, Time: 00:11:08

Health: 0/41       AC:  5    Str: 20    XL:     5   Next: 73%
Magic:  5/5        EV: 12    Int:  8    God:    Gozag
Gold:   110        SH:  0    Dex: 15    Spells: 4/4 levels left

rFire   . . .      SeeInvis +   s - +0 hand axe
rCold   . . .      Faith    .   (no shield)
rNeg    . . .      Spirit   .   b - +0 leather armour
rPois   .          Reflect  .   (helmet unavailable)
rElec   .          Harm     .   r - +0 cloak
rCorr   .          Rampage  .   w - +0 pair of gloves
Will    .....                   (no boots)
Stlth   +.........              f - amulet of the acrobat
HPRegen 0.13/turn               (no ring)
MPRegen 0.09/turn               (no ring)

@: no status effects
A: permanent stasis, dig shafts and tunnels, antennae 3, four strong arms
a: Dig, Shaft Self, Renounce Religion, Potion Petition, Call Merchant, Bribe
Branch


You were on level 4 of the Dungeon.
You worshipped Gozag.
Gozag was aware of your devotion.
You visited 2 branches of the dungeon, and saw 5 of its levels.

You collected 153 gold pieces.
You paid 43 gold pieces to Gozag.

Inventory:

Hand Weapons
 a - a +0 war axe
 i - a +1 dagger of protection
 s - a +0 hand axe (weapon)
Missiles
 c - 3 throwing nets (quivered)
 d - a javelin
Armour
 b - a +0 leather armour (worn)
 r - a +0 cloak (worn)
 w - a +0 pair of gloves (worn)
 z - a +0 scale mail
 C - a +0 pair of boots
Jewellery
 f - an amulet of the acrobat (around neck)
 u - a ring of magical power
 v - a +4 ring of protection
 D - a ring of magical power
Scrolls
 e - 6 scrolls of identify {unknown}
 g - a scroll of vulnerability {unknown}
 h - 2 scrolls of blinking {unknown}
 l - 3 scrolls of teleportation {unknown}
 t - a scroll of enchant armour {unknown}
 x - a scroll of noise {unknown}
 y - a scroll of butterflies {unknown}
 A - a scroll of immolation {unknown}
 E - a scroll of acquirement {unknown}
Potions
 j - a potion of berserk rage {unknown}
 k - a potion of curing {unknown}
 m - 2 potions of brilliance {unknown}
 n - a potion of attraction {unknown}
 o - a potion of degeneration {unknown}
 p - a potion of haste {unknown}
 q - 2 potions of ambrosia {unknown}
 B - a potion of magic {unknown}


   Skills:
 + Level 3.0 Fighting
 + Level 3.5 Axes
 + Level 2.8 Throwing
 + Level 1.7 Armour
 + Level 3.1 Dodging
 + Level 2.2 Shields
 + Level 1.7 Evocations


You had 4 spell levels left.
You didn't know any spells.
Your spell library contained the following spells:

 Spells                   Type           Power      Damage    Failure   Level
 Beastly Appendage        Tmut           0%         N/A       45%         1
 Static Discharge         Conj/Air       0%         3-3/arc   58%         2
 Sublimation of Blood     Necr           0%         N/A       58%         2
 Wereblood                Tmut           0%         N/A       58%         2
 Dazzling Flash           Conj/Hex       0%         N/A       83%         3
 Spider Form              Tmut/Pois      0%         N/A       83%         3
 Dispel Undead            Necr           0%         3d6       99%         4
 Sticky Flame             Conj/Fire      0%         2d3       99%         4
 Agony                    Necr           0%         N/A       100%        5
 Silence                  Hex/Air        0%         N/A       100%        5
 Summon Hydra             Summ           0%         N/A       100%        7


Dungeon Overview and Level Annotations

Branches:
Dungeon (4/15)             Temple (1/1) D:4

Altars:
Ashenzari
Cheibriados
Dithmenos
Elyvilon
Fedhas
Gozag
Hepliaklqana
Kikubaaqudgha
Nemelex Xobeh
Qazlal
Ru
Sif Muna
Trog
Uskayaw
Vehumet
Wu Jian
Xom
Yredelemnul
Zin


Innate Abilities, Weirdness & Mutations

You cannot be hasted, slowed, berserked, paralysed or teleported.
You can dig through walls and to a lower floor.
You have a pair of large antennae on your head. (SInv)
Your four strong arms can wield two-handed weapons with a shield.


Message History

You open the gate.
Found a shimmering blue altar of Sif Muna.
There is an open gate here.
There is an open gate here.
There is an open gate here.
Found an opulent altar of Gozag.
There is an opulent altar of Gozag here.
You kneel at the altar of Gozag.
Gozag welcomes you!
You pay a service fee of 43 gold.
There is an open gate here.
There is a staircase back to the Dungeon here.
You can't go down here!
You climb upwards.
Welcome back to the Dungeon!
There is a staircase to the Ecumenical Temple here.
You sense a monster nearby.
A kobold comes into view. It is wielding a +0 whip.
The helpless kobold fails to defend itself.
You hit the kobold.
You kill the kobold!
No target in view!
You now have 110 gold pieces (gained 5).
Things that are here:
a +0 whip; 3 stones You sense a monster nearby.
You open the door.
An ogre comes into view. It is wielding a +0 giant club.
The ogre shouts!
Found 4 stones and a chain mail.
The ogre attacks as you move away!
The ogre hits you with a +0 giant club!!
Ouch! That really hurt!
You are too injured to fight recklessly!
You are too injured to fight recklessly!
The ogre barely misses you.
You closely miss the ogre.
The ogre hits you with a +0 giant club!!
Ouch! That really hurt!
You die...
Your body crumbles into a pile of gold.

#.# #.# #.#### #....# ###
####.# .... ######.# .....
#...##.#
.[...(########.#.##.####
......O@.......#.#......
......##########.######.
##### #.#.####. #.#....#.
#.#.##.#. #.#.#.<#. #.#.#..#.
#####################.#.####.
#.....................#......


You could see an ogre.

Vanquished Creatures
  Crazy Yiuf (D:2)
  4 adders
  A gnoll (D:1)
  A worm (D:2)
  5 dart slugs
  3 orcs
  4 ball pythons
  9 endoplasms
  4 giant cockroaches
  7 goblins
  3 hobgoblins
  6 jackals
  4 quokkas
  4 bats
  7 frilled lizards
  3 kobolds
  8 rats
74 creatures vanquished.

Notes
Turn   | Place    | Note
-------+----------+-------------------------------------------
     0 | D:1      | GorkyZ the Formicid Gladiator began the quest for the Orb.
     0 | D:1      | Reached XP level 1. HP: 16/16 MP: 1/1
   120 | D:1      | Reached XP level 2. HP: 23/23 MP: 2/2
   608 | D:1      | Reached skill level 1 in Shields
   615 | D:1      | Reached XP level 3. HP: 16/28 MP: 3/3
   930 | D:1      | Found a faded altar of an unknown god.
   943 | D:1      | Reached skill level 1 in Evocations
  1456 | D:2      | Reached skill level 1 in Armour
  1456 | D:2      | Reached XP level 4. HP: 24/34 MP: 4/4
  2591 | D:2      | Found a runed translucent door.
  2592 | D:2      | Noticed Crazy Yiuf
  2599 | D:2      | Killed Crazy Yiuf
  2600 | D:2      | Reached XP level 5. HP: 2/40 MP: 0/5
  4374 | D:4      | Found a staircase to the Ecumenical Temple.
  4428 | Temple   | Entered the Ecumenical Temple
  4709 | Temple   | Became a worshipper of Gozag Ym Sagoz the Greedy
  4882 | D:4      | Noticed an ogre
  4885 | D:4      | Slain by an ogre

Illustrated notes

Levels and vault maps discovered:
D:1:      mrwooster_arrival_statue_3, layout_basic,
          dreamdust_ecumenical_altar_grove
D:2:      layout_basic, minmay_lizard_pond, uniq_crazy_yiuf_cottage
D:3:      layout_basic
D:4:      layout_basic, minmay_temple_entry_sparse_star
Temple:   mainiacjoe_temple_big_plus

Skill      XL: |  1  2  3  4  5 |
---------------+----------------+-----
Shields        | 1 2 |  2.2
Evocations     | 1 |  1.7
Armour         | 1 |  1.7
Dodging        | 3 |  3.1
Fighting       | 3 |  3.0
Axes           | |  3.5
Throwing       | |  2.8

Action                   |  1- 3 |  4- 6 || total
-------------------------+-------+-------++-------
Melee: War axe           |     6 |    18 ||    24
       Dagger            |   158 |    99 ||   257
       Punch             |       |     1 ||     1
       Hand axe          |       |    49 ||    49
 Stab: Sleeping          |     3 |     2 ||     5
Armor: Leather armour    |    68 |    55 ||   123
       Scale mail        |       |     3 ||     3
Dodge: Dodged            |    93 |   105 ||   198
